 Dungeon Crawl Stone Soup version 0.25-a0-566-g062765be81 (webtiles) character file.

Game seed: 6681022939030131033, levelgen mode: deterministic

437 drasked the Conjurer (level 6, -1/32 HPs)
             Began as a Deep Elf Fire Elementalist on Feb 28, 2020.
             Slain by an orc
             ... wielding a +0 club
              (6 damage)
             ... on level 4 of the Dungeon.
             The game lasted 00:09:09 (4421 turns).

drasked the Conjurer (Deep Elf Fire Elementalist)   Turns: 4421, Time: 00:09:10

Health: -1/32      AC:  3    Str:  5    XL:     6   Next: 69%
Magic:  8/12       EV: 13    Int: 22    God:
Gold:   187        SH:  0    Dex: 15    Spells: 6/11 levels left

rFire    . . .     SeeInvis .   p - +2 dagger (flame)
rCold    . . .     Gourm    .   (no shield)
rNeg     . . .     Faith    .   a - +0 robe
rPois    .         Spirit   .   (no helmet)
rElec    .         Reflect  .   (no cloak)
rCorr    .         Harm     .   d - +0 pair of gloves
MR       .....                  (no boots)
Stlth    ++........             (no amulet)
HPRegen  0.10/turn              (no ring)
MPRegen  0.13/turn              (no ring)

@: no status effects
A: no striking features
a: no special abilities


You were on level 4 of the Dungeon.
You were not hungry.

You visited 1 branch of the dungeon, and saw 4 of its levels.

You collected 187 gold pieces.

Inventory:

Hand Weapons
 p - a +2 dagger of flaming (weapon)
   (You took it off a kobold on level 3 of the Dungeon)
Missiles
 i - 14 poisoned darts (quivered)
 n - 6 curare-tipped darts
Armour
 a - a +0 robe (worn)
 d - a +0 pair of gloves (worn)
   (You found it on level 4 of the Dungeon)
Wands
 c - a wand of flame (12)
   (You took it off Natasha on level 3 of the Dungeon)
 q - a wand of polymorph (4)
   (You found it on level 4 of the Dungeon)
Scrolls
 b - a scroll of teleportation {unknown}
 f - 3 scrolls of fear {unknown}
 g - 5 scrolls of identify {unknown}
 j - a scroll of enchant weapon {unknown}
 k - 2 scrolls of fog {unknown}
 m - 2 scrolls of remove curse {unknown}
 o - 2 scrolls of blinking {unknown}
Potions
 l - 6 potions of curing {unknown}
 r - 2 potions of mutation {unknown}
Comestibles
 e - 5 rations


   Skills:
 - Level 2.4 Dodging
 - Level 2.4 Stealth
 - Level 3.0 Spellcasting
 + Level 6.0 Conjurations
 + Level 5.8 Fire Magic


You had 6 spell levels left.
You knew the following spells:

 Your Spells              Type           Power        Failure   Level  Hunger
a - Foxfire               Conj/Fire      ####         1%          1    None
s - Sticky Flame          Conj/Fire      ####....     11%         4    ####...

Your spell library contained the following spells:

 Spells                   Type           Power        Failure   Level  Hunger
 Conjure Flame            Conj/Fire      ####....     3%          3    ###....
 Inner Flame              Hex/Fire       ###.....     11%         3    ###....
 Fireball                 Conj/Fire      ####......   30%         5    ######.


Dungeon Overview and Level Annotations

Branches:
Dungeon (4/15)
 Temple: D:4-7

Altars:
Kikubaaqudgha
Okawaru
Ru
Uskayaw
Wu Jian
Xom


Message History

You hear some strange, mumbled words.
A puff of flame appears from out of thin air!
The puff of flame hits you.
You barely miss something.
You feel less confused. Something hits you.
You barely miss something. Something hits you.
You conjure some foxfire!
You hear some strange, mumbled words.
Something tries to affect you, but you resist.
The foxfire hits something. x2; Something hits you but does no damage.
You conjure some foxfire!
You hear some strange, mumbled words.
Something tries to affect you, but you resist.
The foxfire hits something!
Reactivating autopickup.
You feel a bit more experienced.
You start resting.
A leopard gecko comes into view.
A leopard gecko is nearby!
You conjure some foxfire!
The leopard gecko hisses angrily.
The foxfire hits the leopard gecko.
You conjure some foxfire!
The foxfire hits the leopard gecko.
You kill the leopard gecko!
You start resting.
You start resting.
Things that are here:
a cursed -2 dagger; a +0 robe You now have 177 gold pieces (gained 9).
You butcher the orc corpse.
h - 6 chunks of flesh {@w0} (gained 4)
Things that are here:
a cursed -2 dagger; a +0 robe; an orc skeleton
Things that are here:
a cursed -2 dagger; a +0 robe; an orc skeleton You now have 187 gold pieces (gained 10).
You see here a +0 short sword.
l - 6 amethyst potions (gained 1)
You open the door.
There is an open door here.
Found a stone staircase leading down.
Found a stone staircase leading down.
q - a wand of polymorph (4)
There is a stone staircase leading down here.
A quokka skeleton comes into view.
A quokka skeleton is nearby!
Search for what [? for help]? weapon A quokka skeleton is nearby!
You conjure some foxfire!
You conjure some foxfire!
You conjure some foxfire!
Some of the chunks of flesh in your inventory have rotted away.
The foxfire hits the quokka skeleton.
You conjure some foxfire!
The foxfire hits the quokka skeleton.
You destroy the quokka skeleton!
You start resting.
You open the door.
There is an open door here.
Eating one of 4 chunks of flesh {@w0}.
You eat one of the 4 chunks of flesh {@w0}.
Found a hide-covered altar of Uskayaw.
r - 2 dark potions An orc, an orc priest and an orc wizard come into view.
You conjure some foxfire!
The orc wizard shouts!
You hear a shout! x2
An orc comes into view. It is wielding a +0 club.
The foxfire hits the orc wizard.
The orc priest mumbles some strange prayers to Beogh against you.
Beogh smites you!
* * * LOW HITPOINT WARNING * * *
The orc wizard gestures at you while chanting.
The magic dart hits you!
* * * LOW HITPOINT WARNING * * *
You conjure some foxfire!
The orc wizard casts a spell.
The orc wizard blinks!
The foxfire hits the orc wizard.
The orc wizard mumbles some strange words.
The orc wizard blinks!
You conjure some foxfire!
The foxfire hits the orc wizard.
The foxfire hits the orc. x2
All of the chunks of flesh in your inventory have rotted away.
The orc wizard casts a spell.
The orc wizard seems to speed up.
You conjure some foxfire!
The foxfire hits the orc.
You kill the orc!
Your Conjurations skill increases to level 6!
The foxfire hits the orc.
The orc wizard completely misses you. The orc completely misses you.
You conjure some foxfire!
The orc wizard mumbles some strange words.
The orc wizard blinks!
The orc wizard gestures wildly while chanting.
The orc wizard blinks!
The orc hits you with a +0 club!
* * * LOW HITPOINT WARNING * * *
The foxfire hits the orc.
The orc wizard casts a spell.
The orc wizard blinks!
The orc hits you with a +0 club.
You die...

..#####.+#
oo#...#..#
#.#((.#...
#.#####...
#..v......
..._.....
#........
######..### ...#
##...@o....##...#
#...§.o.....#...#
#)...§......#...#
#....§......#...#
#.....§.....#...#
#.....§v..o.#...#
#.....§.....'...#
##..###..####...#
####
......##.#..##+#
#######...###.>#


You could see an orc priest, an orc wizard and an orc.

Levels and vault maps discovered:
D:1:      kennysheep_arrival_seaside, layout_rooms
D:2:      layout_basic, kennysheep_vampire_church, lemuel_crystal_altar,
          serial_park_tiny_2, minmay_randomly_rotated_circles
D:3:      layout_basic, kennysheep_okawaru_gauntlet,
          nicolae_overflow_crystal_walls, first_ration, minmay_misc_feat_rugged,
          nicolae_ru_path_of_blood, uniq_terence, uniq_natasha
D:4:      layout_gridville, dancing_weapons_uskayaw, uniq_grinder

Notes
Turn   | Place    | Note
-------+----------+-------------------------------------------
     0 | D:1      | drasked the Deep Elf Fire Elementalist began the quest for
                  | the Orb.
     0 | D:1      | Reached XP level 1. HP: 10/10 MP: 6/6
   179 | D:1      | Identified a +0 club
   182 | D:1      | Identified a +0 club
   192 | D:1      | Reached XP level 2. HP: 14/15 MP: 0/8
   371 | D:1      | Reached skill level 2 in Conjurations
   376 | D:1      | Identified a +0 hunting sling (You found it on level 1 of
                  | the Dungeon)
   446 | D:1      | Identified a +0 club
   543 | D:1      | Identified a +0 club
   636 | D:1      | Reached skill level 4 in Fire Magic
   921 | D:1      | Identified a +0 short sword
   924 | D:1      | Reached XP level 3. HP: 19/19 MP: 7/9
  1455 | D:2      | You fall into a shaft and drop 1 floor!
  1468 | D:2      | Identified a cursed -3 short sword
  1583 | D:2      | Found a shimmering altar of Xom.
  1587 | D:2      | Reached skill level 3 in Conjurations
  1705 | D:2      | Reached XP level 4. HP: 24/24 MP: 6/10
  1756 | D:2      | Identified a +0 dagger
  1768 | D:2      | Learned a level 4 spell: Sticky Flame
  1780 | D:2      | Identified a +0 club
  1782 | D:2      | Identified a +0 dagger
  2031 | D:2      | Found an ancient bone altar of Kikubaaqudgha.
  2037 | D:2      | Reached skill level 5 in Fire Magic
  2074 | D:2      | Reached XP level 5. HP: 23/28 MP: 6/11
  2078 | D:2      | Reached skill level 4 in Conjurations
  2241 | D:2      | Identified a cursed -1 club
  2443 | D:3      | Identified a +2 dagger of flaming
  2688 | D:3      | Identified a +0 club
  2709 | D:3      | Identified a +0 club
  2818 | D:3      | Identified a +0 club
  2857 | D:3      | Identified a +0 club
  2877 | D:3      | Identified a +0 short sword
  2881 | D:3      | Identified a +0 dagger
  2887 | D:3      | Reached skill level 5 in Conjurations
  2887 | D:3      | Identified a +0 short sword
  2889 | D:3      | Identified a +0 short sword
  2894 | D:3      | Identified a +0 hand axe
  2894 | D:3      | Identified a +0 ring mail
  3046 | D:3      | Identified a cursed -2 spear
  3073 | D:3      | Identified a +0 spear
  3084 | D:3      | Found an iron altar of Okawaru.
  3139 | D:3      | Identified a +0 club
  3170 | D:3      | Identified a +3 vorpal flail
  3170 | D:3      | Identified a +0 chain mail
  3170 | D:3      | Noticed Terence
  3189 | D:3      | Killed Terence
  3189 | D:3      | Reached XP level 6. HP: 32/32 MP: 6/12
  3267 | D:3      | Identified a +0 club
  3409 | D:3      | Found an ornate altar of the Wu Jian Council.
  3502 | D:3      | Found a sacrificial altar of Ru.
  3534 | D:3      | Noticed Natasha
  3541 | D:3      | Killed Natasha
  3623 | D:3      | Noticed Natasha
  3628 | D:3      | Killed Natasha
  3857 | D:3      | Noticed Natasha
  3862 | D:3      | Killed Natasha
  4052 | D:4      | Identified a +0 pair of gloves (You found it on level 4 of
                  | the Dungeon)
  4124 | D:4      | Identified a +0 ring mail
  4124 | D:4      | Identified a +0 club
  4124 | D:4      | Identified a +0 leather armour
  4125 | D:4      | Identified a +0 hand axe
  4182 | D:4      | Identified a +0 short sword
  4185 | D:4      | Identified a cursed -2 dagger
  4185 | D:4      | Identified a +0 robe
  4186 | D:4      | Identified a cursed -2 dagger
  4186 | D:4      | Identified a +0 robe
  4403 | D:4      | Found a hide-covered altar of Uskayaw.
  4407 | D:4      | Identified a +0 hand axe
  4407 | D:4      | Noticed a +0 hand axe
  4408 | D:4      | Identified a +0 dagger
  4408 | D:4      | Noticed a +0 dagger
  4409 | D:4      | Identified a +0 war axe
  4409 | D:4      | Identified a +0 dagger
  4409 | D:4      | Identified a +0 robe
  4409 | D:4      | Identified a +0 dagger
  4409 | D:4      | Identified a +0 scale mail
  4410 | D:4      | Identified a +0 club
  4418 | D:4      | Reached skill level 6 in Conjurations
  4420 | D:4      | HP: 5/32 [orc/+0 club (7)]
  4421 | D:4      | Slain by an orc

Table legend:
 A = Turns spent in this place as a percentage of turns spent in the entire game.
 B = Non-inter-level travel turns spent in this place as a percentage of non-inter-level travel turns spent in the entire game.
 C = Inter-level travel turns spent in this place as a percentage of turns spent in this place.
 D = Turns resting spent in this place as a percentage of non-inter-level travel turns spent in this place.
 E = Turns spent auto-exploring this place as a percentage of non-inter-level travel turns spent in this place.
 F = Non-inter-level travel turns spent in this place divided by the number of levels of this place that you've seen.
                   A       B       C       D       E      F
               +-------+-------+-------+-------+-------+----------------------
         Total | 100.0 | 100.0 |   1.7 |  42.8 |  37.3 | 1087.0
       Dungeon | 100.0 | 100.0 |   1.7 |  42.8 |  37.3 | 1087.0
               +-------+-------+-------+-------+-------+----------------------

Table legend:
 A = Kills in this place as a percentage of kills in entire the game.
 B = Kills by you in this place as a percentage of kills by you in the entire game.
 C = Kills by friends in this place as a percentage of kills by friends in the entire game.
 D = Other kills in this place as a percentage of other kills in the entire game.
 E = Experience gained in this place as a percentage of experience gained in the entire game.
 F = Experience gained in this place divided by the number of levels of this place that you have seen.
                   A       B       C       D       E      F
               +-------+-------+-------+-------+-------+----------------------
         Total | 100.0 | 100.0 |   N/A |   N/A | 100.0 | 156.2
       Dungeon | 100.0 | 100.0 |   N/A |   N/A | 100.0 | 156.2
               +-------+-------+-------+-------+-------+----------------------

Skill      XL: |  1  2  3  4  5  6 |
---------------+-------------------+-----
Conjurations   | 2 3 5 6 |  6.0
Fire Magic     | 4 5 |  5.8
Dodging        | |  2.4
Stealth        | |  2.4
Spellcasting   | |  3.0

Action                   |  1- 3 |  4- 6 || total
-------------------------+-------+-------++-------
Melee: Dagger            |       |     3 ||     3
 Fire: Hunting sling     |     1 |       ||     1
 Cast: Foxfire           |    84 |   133 ||   217
       Sticky Flame      |       |     1 ||     1
  Eat: Chunk             |     2 |     9 ||    11
Armor: Robe              |    10 |    15 ||    25
Dodge: Dodged            |    44 |    45 ||    89

Vanquished Creatures
  2 vampire bats (D:2)
  An orc priest (D:3)
  2 orc wizards (D:4)
  Terence (D:3)
  Natasha (thrice) (D:3)
  A howler monkey skeleton (D:4)
  5 adders
  4 dart slugs
  2 worms
  A leopard gecko (D:4)
  8 orcs
  A ball python (D:1)
  2 bat skeletons (D:2)
  5 bat zombies (D:2)
  2 giant cockroaches
  11 hobgoblins
  7 jackals
  8 kobolds
  4 quokkas
  7 bats
  2 frilled lizards
  11 goblins
  A quokka skeleton (D:4)
  14 rats
105 creatures vanquished.

Vanquished Creatures (others)
  309 foxfires
309 creatures vanquished.

Grand Total: 414 creatures vanquished
